 Dungeon Crawl Stone Soup version 0.30-a0-1112-gfb780f5df6 (webtiles) character file.

Game seed: 16264792404059802860

552 BlueFish the Sneak (level 7, -4/46 HPs)
             Began as an Octopode Warper on Apr 19, 2023.
             Slain by a hornet (16 damage)
             ... on level 5 of the Dungeon.
             The game lasted 00:07:24 (4006 turns).

BlueFish the Sneak (Octopode Warper)                Turns: 4006, Time: 00:07:24

Health: -4/46      AC:  1    Str: 12    XL:     7   Next: 29%
Magic:  11/11      EV: 14    Int: 15    God:
Gold:   284        SH:  0    Dex: 12    Spells: 5/12 levels left

rFire   . . .      SeeInvis .    a - +3 whip
rCold   + + .      Faith    +    (no shield)
rNeg    . . .      Spirit   .    (helmet restricted)
rPois   .          Reflect  .    s - amulet of faith
rElec   .          Rampage  .    f - ring of protection from cold
rCorr   .                        h - ring of willpower
Will    +....                    l - ring of wizardry
Stlth   ++++                     B - ring of protection from cold
HPRegen 0.27/turn                (no ring)
MPRegen 0.12/turn                (no ring)
                                 (no ring)
                                 (no ring)

@: slowed, very slow
A: almost no armour, amphibious, 8 rings, camouflage 1, gelatinous body 1,
(nimble swimmer 1), tentacles
a: no special abilities


You were on level 5 of the Dungeon.
You visited 1 branch of the dungeon, and saw 5 of its levels.

You collected 284 gold pieces.

Inventory:

Hand Weapons
 a - a +3 whip (weapon)
 b - a +0 sling
 w - a +0 mace
Missiles
 c - 7 boomerangs of dispersal
 k - 63 stones (quivered)
 x - 5 poisoned darts
Jewellery
 f - a ring of protection from cold (left tentacle)
 h - a ring of willpower (right tentacle)
 l - a ring of wizardry (on tentacle)
 s - an amulet of faith (around mantle)
 B - a ring of protection from cold (on tentacle)
Wands
 z - a wand of polymorph (23)
Scrolls
 g - a scroll of noise
 i - a scroll of vulnerability {unknown}
 j - a scroll of immolation {unknown}
 m - a scroll of fear {unknown}
 p - 2 scrolls of amnesia
 q - 2 scrolls of magic mapping
 r - a scroll of enchant armour {unknown}
 t - a scroll of silence {unknown}
 u - a scroll of identify {unknown}
 v - a scroll of teleportation
 y - a scroll of enchant weapon {unknown}
 C - 5 scrolls of blinking
Potions
 d - 5 potions of curing
 e - a potion of degeneration {unknown}
 n - 2 potions of mutation {unknown}
 o - a potion of resistance {unknown}
 A - a potion of attraction {unknown}


   Skills:
 + Level 3.2 Fighting
 + Level 3.2 Maces & Flails
 + Level 0.1 Ranged Weapons
 + Level 2.7 Throwing
 + Level 3.5 Dodging
 * Level 5.1 Stealth
 + Level 3.0 Spellcasting
 + Level 3.9 Translocations


You had 5 spell levels left.
You knew the following spells:

 Your Spells              Type           Power      Damage    Failure   Level
a - Blink                 Tloc           28%        N/A       2%          2
b - Lesser Beckoning      Tloc           28%        N/A       2%          2
c - Teleport Other        Tloc           14%        N/A       4%          3

Your spell library contained the following spells:

 Spells                   Type           Power      Damage    Failure   Level
 Gell's Gravitas          Tloc           14%        N/A       4%          3
 Vhi's Electric Charge    Tloc/Air       16%        N/A       11%         3
 Manifold Assault         Tloc           14%        N/A       16%         4
 Dispersal                Tloc           7%         N/A       91%         6


Dungeon Overview and Level Annotations

Branches:
Dungeon (5/15)
 Temple: D:4-7

Altars:
Ashenzari
Qazlal

Annotations:
D:4 3 runed translucent doors, BlueFalcon's ghost, amateur DjFE
D:5 2 transporters


Innate Abilities, Weirdness & Mutations

You cannot wear most types of armour.
You are amphibious.
You can wear up to eight rings at the same time.
Your skin changes colour to match your surroundings (Stealth+).
Your rubbery body absorbs attacks. (AC +1, EV +1)
((You are camouflaged when in or above water. (Stealth+)))
You have tentacles for arms and can constrict up to eight enemies at once.


Message History

You hit the sleepcap but do no damage.
You squeeze the sleepcap, but do no damage.
The sleepcap is almost destroyed.
You constrict the sleepcap, but do no damage.
The sleepcap releases spores at you.
You hit the sleepcap. You squeeze the sleepcap.
You destroy the sleepcap!
b - a +0 sling (weapon)
HP restored.
You now have 279 gold pieces (gained 7).
Found a hand axe.
You now have 284 gold pieces (gained 5).
d - 6 potions of curing (gained 1)
A hornet comes into view.
You shoot a sling bullet.
The sling bullet closely misses the hornet.
You shoot a sling bullet.
The sling bullet barely misses the hornet.
a - a +3 whip (weapon)
Okay, then.
You closely miss the hornet. You grab the hornet.
Your squeeze misses the hornet.
You constrict the hornet, but do no damage.
The hornet stings you!
You suddenly lose the ability to move!
You lose your grip on the hornet.
The hornet stings you.
You feel yourself slow down. The hornet stings you!
You feel as though you will be slow longer.
The hornet stings you!
* * * LOW HITPOINT WARNING * * *
You are poisoned.
You feel as though you will be slow longer.
The hornet stings you!
* * * LOW HITPOINT WARNING * * *
You are more poisoned.
You feel as though you will be slow longer.
You can move again.
There is a lethal amount of poison in your body!
You feel better. The hornet stings you!
You die...

#### ** #..# *,
#..######### ******,
##..........# ***,,,,#.
#...........###*,,,,,,..
#...........)..*,,,,###.
##.###.y@####****,,,,#...
###......#.# ####,,,,#...
#....#####.#*
#..##,,,#... ####.##.##
#..# #...#,**#...
#........# ##.#
#...###.###) #........#
#.# #.......##†.
#........# #.#
###.<#####.# #........#
#.# #..# #..# ######.#.#
#.# #..####.##


You could see a hornet.

Vanquished Creatures
  Sigmund (D:3)
  A howler monkey (D:5)
  3 hounds
  An orc priest (D:3)
  An iguana (D:5)
  A sleepcap (D:5)
  An orc wizard (D:3)
  A mummy (D:4)
  4 adders (D:2)
  4 worms
  4 dart slugs
  14 orcs
  10 ball pythons
  2 bats
  4 endoplasms
  3 giant cockroaches
  10 goblins
  5 hobgoblins
  4 quokkas
  9 frilled lizards (D:5)
  7 kobolds
  A kobold zombie (D:4)
  3 orc zombies (D:4)
  2 rats
96 creatures vanquished.

Vanquished Creatures (others)
  A ball python (D:4)
  6 plants
7 creatures vanquished.

Grand Total: 103 creatures vanquished

Notes
Turn   | Place    | Note
-------+----------+-------------------------------------------
     0 | D:1      | BlueFish the Octopode Warper began the quest for the Orb.
     0 | D:1      | Reached XP level 1. HP: 14/14 MP: 3/3
   152 | D:1      | Reached skill level 1 in Stealth
   152 | D:1      | Reached XP level 2. HP: 8/19 MP: 5/5
   155 | D:1      | Learned a level 2 spell: Blink
   158 | D:1      | Learned a level 2 spell: Lesser Beckoning
   842 | D:2      | Reached XP level 3. HP: 15/24 MP: 6/6
   915 | D:2      | Reached skill level 2 in Stealth
  1251 | D:2      | Reached XP level 4. HP: 30/30 MP: 7/7
  1256 | D:2      | Learned a level 3 spell: Teleport Other
  1833 | D:3      | Noticed Sigmund
  2185 | D:3      | Found a faded altar of an unknown god.
  2423 | D:3      | Reached skill level 3 in Stealth
  2423 | D:3      | Reached XP level 5. HP: 30/35 MP: 5/8
  2690 | D:3      | Killed Sigmund
  2691 | D:3      | Reached skill level 4 in Stealth
  2691 | D:3      | Reached XP level 6. HP: 19/41 MP: 6/10
  3079 | D:4      | Found a runed translucent gate.
  3079 | D:4      | Found a runed translucent gate.
  3079 | D:4      | Found a runed translucent gate.
  3328 | D:4      | Found a stormy altar of Qazlal.
  3439 | D:4      | Noticed BlueFalcon's ghost (amateur DjFE)
  3439 | D:4      | Noticed an ice beast
  3510 | D:4      | Found a broken altar of Ashenzari.
  3635 | D:5      | Entered Level 5 of the Dungeon
  3699 | D:5      | Reached XP level 7. HP: 36/46 MP: 11/11
  3740 | D:5      | Found a transporter.
  3755 | D:5      | Found a transporter.
  3803 | D:5      | Reached skill level 5 in Stealth
  3998 | D:5      | Noticed a hornet
  4003 | D:5      | Paralysed by a hornet for 3 turns
  4005 | D:5      | HP: 1/46 [hornet (10)]
  4006 | D:5      | Slain by a hornet

Illustrated notes

Levels and vault maps discovered:
D:1:      minmay_arrival_hallway, layout_basic
D:2:      minmay_spotlight, layout_loops_ring, serial_bayou,
          serial_bayou_shore_a, serial_bayou_lagoon_a, serial_bayou_pond_d,
          serial_bayou_shore_b, minmay_circle_x
D:3:      layout_loops_ring, hellmonk_ecumenical_altar_pennies_from_heaven,
          uniq_sigmund
D:4:      layout_cave_pools, nicolae_ashenzari_skybound, grunt_qazlal_clouds,
          gammafunk_ghost_icy, hangedman_decor_opposing, minmay_mini_ossuary
D:5:      layout_rooms, gammafunk_ghost_abyssal_escape, nrook_pool_corridor,
          minmay_lizard_king, uniq_eustachio

Skill      XL: |  1  2  3  4  5  6  7 |
---------------+----------------------+-----
Stealth        | 1 2 3 4 5 |  5.1
Throwing       | 2 |  2.7
Dodging        | 3 |  3.5
Fighting       | 3 |  3.2
Maces & Flails | 3 |  3.2
Spellcasting   | 3 |  3.0
Ranged Weapons | |  0.1
Translocations | |  3.9

Action                     |  1- 3 |  4- 6 |  7- 9 || total
---------------------------+-------+-------+-------++-------
  Melee: Mace              |    68 |    29 |       ||    97
         Constrict         |    14 |    33 |    10 ||    57
         Tentacles         |     9 |    28 |    10 ||    47
         Punch             |     1 |     2 |     1 ||     4
         Whip              |       |    75 |    39 ||   114
   Fire: Sling             |       |       |     5 ||     5
  Throw: Stone             |       |     2 |       ||     2
         Dart              |       |     6 |       ||     6
   Cast: Teleport Other    |       |     6 |       ||     6
         Lesser Beckoning  |       |     4 |       ||     4
         Blink             |       |     1 |       ||     1
    Use: Scroll            |       |     4 |       ||     4
         Potion            |       |       |     1 ||     1
   Stab: Sleeping          |     9 |     9 |       ||    18
 Armour: Skin              |     8 |     4 |     1 ||    13
  Dodge: Dodged            |    36 |    48 |    17 ||   101

Table legend: (Time is in decaauts)
 A = Elapsed time spent in this place.
 B = Non-inter-level travel time spent in this place.
 C = Inter-level travel time spent in this place.
 D = Time resting spent in this place.
 E = Time spent auto-exploring this place.
 F = Levels seen in this place.
 G = Mean time per level.
                   A        B        C        D        E       F      G
               +--------+--------+--------+--------+--------+-----+--------+
         Total |   4025 |   3826 |    199 |      2 |   3088 |   5 |  805.0 |
       Dungeon |   4025 |   3826 |    199 |      2 |   3088 |   5 |  805.0 |
               +--------+--------+--------+--------+--------+-----+--------+

Top non-repeatable levels by time:
     D:3: 1227 daAuts
     D:2: 978 daAuts
     D:1: 818 daAuts
     D:4: 697 daAuts
     D:5: 302 daAuts
